 Dungeon Crawl Stone Soup version 0.26-a0-649-gf8c6c3aab7 (webtiles) character file.

Game seed: 2439027960015234158

44 smeego the Ducker (level 3, 0/26 HPs)
             Began as an Octopode Fighter on Sept 26, 2020.
             Succumbed to an adder's poison
             ... on level 2 of the Dungeon.
             The game lasted 00:00:56 (738 turns).

smeego the Ducker (Octopode Fighter)                 Turns: 738, Time: 00:00:56

Health: 0/26       AC:  5    Str: 16    XL:     3   Next: 60%
Magic:  3/3        EV: 11    Int: 10    God:
Gold:   6          SH:  8    Dex: 11    Spells: 2/2 levels left

rFire    . . .     SeeInvis .   a - +0 long sword
rCold    . . .     Faith    .   b - +0 kite shield
rNeg     . . .     Spirit   .   (helmet restricted)
rPois    .         Reflect  .   (no amulet)
rElec    .         Harm     .   e - +4 ring of protection
rCorr    .         Rampage  .   (no ring)
MR       .....                  (no ring)
Stlth    ++........             (no ring)
HPRegen  0.08/turn              (no ring)
MPRegen  0.08/turn              (no ring)
                                (no ring)
                                (no ring)

@: lethally poisoned (0 -> -5), stab
A: almost no armour, stealthy swim, amphibious, 8 rings, constrict 8, camouflage
1, gelatinous body 1
a: no special abilities


You were on level 2 of the Dungeon.
You visited 1 branch of the dungeon, and saw 2 of its levels.

You collected 6 gold pieces.

Inventory:

Hand Weapons
 a - a +0 long sword (weapon)
Missiles
 f - 6 javelins (quivered)
 j - 6 poisoned darts
Armour
 b - a +0 kite shield (worn)
Jewellery
 e - a +4 ring of protection (left tentacle)
Scrolls
 d - a scroll of amnesia {unknown}
 g - 3 scrolls of remove curse {unknown}
 i - a scroll of identify {unknown}
Potions
 c - 2 potions of might


   Skills:
 + Level 3.1 Fighting
 * Level 2.7 Long Blades
 + Level 0.7 Throwing
 + Level 3.2 Dodging
 + Level 1.0 Stealth
 + Level 3.1 Shields
 + Level 0.8 Unarmed Combat


You had 2 spell levels left.
You didn't know any spells.
Your spell library was empty.

Dungeon Overview and Level Annotations

Branches:
Dungeon (2/15)

Altars:


Innate Abilities, Weirdness & Mutations

You cannot wear most types of armour.
You are very stealthy in the water. (Stealth+)
You are amphibious.
You can wear up to eight rings at the same time.
You can use your tentacles to constrict eight enemies at once.
Your skin changes colour to match your surroundings (Stealth+).
Your rubbery body absorbs attacks. (AC +1, EV +1)


Message History

You closely miss the adder. Your grab misses the adder.
The adder is severely wounded.
* * * LOW HITPOINT WARNING * * *
You feel sick. You block the adder's attack. x2
Unknown command.
You barely miss the adder. Your grab misses the adder.
The adder is severely wounded.
* * * LOW HITPOINT WARNING * * *
You feel sick. The adder bites you but does no damage. The adder bites you.
* * * LOW HITPOINT WARNING * * *
Unknown command.
The kobold shouts!
You hit the adder.
You kill the adder!
Your Stealth skill increases to level 1!
You block the leopard gecko's attack.
Unknown command.
You closely miss the leopard gecko. You grab the leopard gecko.
You constrict the leopard gecko.
You die...

. #.#.#....
..####.#.#..##
...........K.#
.##..#..#s#.#
..........#.#
.##.##..##.#
#$.†gg# #..##l#
####..##@#
#..#.....##.#
..........#.#####
....####..#.....
... #..#..# ..
#.....# # #.#...#
#.#>..#..
####.....#.#


You could see a leopard gecko, 2 goblins and a kobold.

Vanquished Creatures
  An adder (D:2)
  A worm (D:2)
  A dart slug (D:1)
  A leopard gecko (D:1)
  A giant cockroach (D:2)
  6 goblins
  7 hobgoblins
  2 bats
  2 frilled lizards (D:1)
  2 kobolds
  4 rats (D:1)
28 creatures vanquished.

Notes
Turn   | Place    | Note
-------+----------+-------------------------------------------
     0 | D:1      | smeego the Octopode Fighter began the quest for the Orb.
     0 | D:1      | Reached XP level 1. HP: 16/16 MP: 1/1
   223 | D:1      | Reached XP level 2. HP: 21/21 MP: 2/2
   643 | D:2      | Reached XP level 3. HP: 26/26 MP: 3/3
   736 | D:2      | HP: 1/26 [adder (2)]
   737 | D:2      | Reached skill level 1 in Stealth
   738 | D:2      | Succumbed to an adder's poison

Illustrated notes

Levels and vault maps discovered:
D:1:      zaba_arrival_water, layout_basic, minmay_misc_feat_room,
          minmay_misc_feat_enclosed, dk_noncrumbling_4
D:2:      layout_basic

Skill      XL: |  1  2  3 |
---------------+----------+-----
Stealth        | 1 |  1.0
Fighting       | |  3.1
Long Blades    | |  2.7
Throwing       | |  0.7
Dodging        | |  3.2
Shields        | |  3.1
Unarmed Combat | |  0.8

Action                   || total
-------------------------++-------
Melee: Long sword        ||    53
       Tentacles         ||     7
       Constrict         ||    18
       Punch             ||     1
Throw: Javelin           ||     1
  Use: Potion            ||     1
 Stab: Sleeping          ||     6
Armor: Skin              ||     7
Dodge: Dodged            ||    16
Block: Kite shield       ||    21
       Rpst.: Long sword ||     6

Table legend: (Time is in decaauts)
 A = Elapsed time spent in this place.
 B = Non-inter-level travel time spent in this place.
 C = Inter-level travel time spent in this place.
 D = Time resting spent in this place.
 E = Time spent auto-exploring this place.
 F = Levels seen in this place.
 G = Mean time per level.
                   A        B        C        D        E       F      G
               +--------+--------+--------+--------+--------+-----+--------+
         Total |    758 |    751 |      7 |      0 |    580 |   2 |  379.0 |
       Dungeon |    758 |    751 |      7 |      0 |    580 |   2 |  379.0 |
               +--------+--------+--------+--------+--------+-----+--------+

Top non-repeatable levels by time:
     D:1: 648 daAuts
     D:2: 109 daAuts
